 Dungeon Crawl Stone Soup version 0.30-a0-739-gea05faddec (webtiles) character file.

Game seed: 16072064235454394017

1826 PriceMaster the Destroyer (level 9, -1/54 HPs)
             Began as an Octopode Conjurer on Feb 4, 2023.
             Was an Initiate of Sif Muna.
             Succumbed to a killer bee's poison
             ... on level 8 of the Dungeon.
             The game lasted 00:20:10 (6824 turns).

PriceMaster the Destroyer (Octopode Conjurer)       Turns: 6824, Time: 00:20:11

Health: -1/54      AC:  1    Str:  6    XL:     9   Next: 11%
Magic:  17/17      EV: 13    Int: 22    God:    Sif Muna [......]
Gold:   282        SH:  5    Dex: 11    Spells: 9/19 levels left

rFire   . . .      SeeInvis .    g - +2 flail (protect)
rCold   . . .      Faith    .    (no shield)
rNeg    . . .      Spirit   .    (helmet restricted)
rPois   .          Reflect  +    m - amulet of reflection
rElec   .          Harm     .    f - ring of wizardry
rCorr   .          Rampage  .    (no ring)
Will    .....                    (no ring)
Stlth   ++++                     (no ring)
HPRegen 0.29/turn                (no ring)
MPRegen 0.15/turn                (no ring)
                                 (no ring)
                                 (no ring)

@: lethally poisoned (-1 -> -10)
A: almost no armour, amphibious, 8 rings, camouflage 1, gelatinous body 1,
(nimble swimmer 1), tentacles, dopey 1
a: Renounce Religion


You were on level 8 of the Dungeon.
You worshipped Sif Muna.
Sif Muna was noncommittal.
You visited 2 branches of the dungeon, and saw 9 of its levels.

You collected 282 gold pieces.

Inventory:

Hand Weapons
 b - a +1 flail of draining
 d - a +0 short sword
 e - a +1 dagger of electrocution
 g - a +2 flail of protection (weapon)
 i - a +2 short sword of electrocution
 n - a +3 club
 o - a +1 whip of venom
Jewellery
 f - a ring of wizardry (left tentacle)
 m - an amulet of reflection (around mantle)
Wands
 a - a wand of flame (5)
 h - a wand of quicksilver (12)
 l - a wand of digging (6)
Scrolls
 k - a scroll of blinking
 p - a scroll of enchant weapon {unknown}
 q - a scroll of enchant armour {unknown}
 s - a scroll of immolation {unknown}
Potions
 c - 2 potions of attraction


   Skills:
 + Level 1.7 Fighting
 + Level 2.3 Short Blades
 + Level 3.1 Dodging
 + Level 5.3 Stealth
 + Level 1.9 Shields
 + Level 5.6 Spellcasting
 * Level 8.5 Conjurations
 + Level 0.4 Transmutations
 + Level 0.1 Ice Magic
 + Level 2.6 Evocations


You had 9 spell levels left.
You knew the following spells:

 Your Spells              Type           Power      Damage    Failure   Level
a - Magic Dart            Conj           100%       1d8       1%          1
b - Searing Ray           Conj           86%        2d7       1%          2
c - Dazzling Flash        Conj/Hex       50%        N/A       1%          3
d - Apportation           Tloc           12%        N/A       4%          1
e - Hailstorm             Conj/Ice       25%        3d7       1%          3

Your spell library contained the following spells:

 Spells                   Type           Power      Damage    Failure   Level
 Shock                    Conj/Air       100%       1d9       1%          1
 Beastly Appendage        Tmut           16%        N/A       3%          1
 Mephitic Cloud           Conj/Pois/Air  18%        N/A       3%          3
 Wereblood                Tmut           8%         N/A       4%          2
 Passwall                 Tmut/Erth      5%         N/A       5%          2
 Call Imp                 Summ           6%         N/A       6%          2
 Lesser Beckoning         Tloc           12%        N/A       6%          2
 Fulminant Prism          Conj/Hex       12%        3d9       6%          4
 Iskenderun's Mystic Bla  Conj/Tloc      25%        2d7       6%          4
 Spider Form              Tmut/Pois      7%         N/A       11%         3
 Swiftness                Air            6%         N/A       12%         3
 Ice Form                 Ice/Tmut       7%         N/A       32%         4
 Airstrike                Air            3%         2d(1-17)  34%         4
 Simulacrum               Ice/Necr       3%         N/A       99%         6


Dungeon Overview and Level Annotations

Branches:
Dungeon (8/15)             Temple (1/1) D:6
   Lair: D:8-11

Altars:
Ashenzari
Elyvilon
Nemelex Xobeh
Qazlal
Ru
Sif Muna
Trog
Uskayaw
Xom
Zin

Annotations:
D:1 1 transporter
D:6 2 transporters, Jackthecabe's ghost, novice VSBr


Innate Abilities, Weirdness & Mutations

You cannot wear most types of armour.
You are amphibious.
You can wear up to eight rings at the same time.
Your skin changes colour to match your surroundings (Stealth+).
Your rubbery body absorbs attacks. (AC +1, EV +1)
((You are camouflaged when in or above water. (Stealth+)))
You have tentacles for arms and can constrict up to eight enemies at once.
You are dopey. (Int -2)


Message History

The killer bee is heavily wounded.
You feel sick. The killer bee misses you. The killer bee closely misses you. x3
The killer bee barely misses you. The killer bee stings you.
You feel sick. The killer bee stings you. The killer bee closely misses you. x2
The killer bee attacks as you move away!
The killer bee barely misses you.
You feel sick. The killer bee stings you.
You are more poisoned.
The killer bee poisons you! The killer bee closely misses you.
The killer bee stings you!
You miss the killer bee.
The killer bee is heavily wounded.
You feel very sick. The killer bee barely misses you.
The killer bee closely misses you. The killer bee misses you. x2
You closely miss the killer bee.
The killer bee is heavily wounded.
You feel less invigorated.
You feel less confused.
You feel very sick. The killer bee stings you.
The killer bee completely misses you. The killer bee stings you. x2
You are more poisoned.
The killer bee poisons you! The killer bee stings you!
* * * LOW HITPOINT WARNING * * *
The killer bee misses you.
The killer bee attacks as you move away!
The killer bee misses you.
* * * LOW HITPOINT WARNING * * *
You feel very sick. The killer bee barely misses you.
You block the killer bee's attack.
There is a stone staircase leading down here.
* * * LOW HITPOINT WARNING * * *
You feel very sick. The killer bee misses you. The killer bee stings you.
* * * LOW HITPOINT WARNING * * *
The killer bee stings you.
* * * LOW HITPOINT WARNING * * *
The killer bee barely misses you.
You climb downwards.
You die...

#..♣...P♣
#.......♣
#.......####
#.......... ~
........ # P..
.....##.#
.....#<.....##
......y@y....+
.........#####
.........#
.......c..
....####...
.... .... ###
..... ######


You could see a centaur (asleep) and 2 killer bees.

Vanquished Creatures
  Sigmund (D:5)
  Menkaure (D:7)
  Edmund (D:5)
  An orc warrior (D:4)
  2 sky beasts
  A black bear (D:4)
  A centaur (D:5)
  3 phantoms
  A bullfrog (D:6)
  2 scorpions
  2 killer bees (D:7)
  A vampire bat (D:5)
  A hound (D:4)
  A gnoll bouda (D:5)
  An orc priest (D:4)
  Jessica (D:3)
  5 iguanas
  An orc wizard (D:4)
  4 gnolls (D:5)
  3 adders
  A white imp (D:4)
  A worm (D:3)
  5 dart slugs
  8 orcs
  6 endoplasms
  6 giant cockroaches
  7 goblins
  7 hobgoblins
  2 jackals (D:2)
  6 kobolds
  3 quokkas
  6 ball pythons
  14 bats
  4 frilled lizards
  3 rats
113 creatures vanquished.

Notes
Turn   | Place    | Note
-------+----------+-------------------------------------------
     0 | D:1      | PriceMaster the Octopode Conjurer began the quest for the
                  | Orb.
     0 | D:1      | Reached XP level 1. HP: 11/11 MP: 3/3
    73 | D:1      | Found a faded altar of an unknown god.
   401 | D:1      | Reached XP level 2. HP: 17/17 MP: 3/5
   862 | D:2      | Reached XP level 3. HP: 21/21 MP: 0/6
  1161 | D:2      | Found a shimmering altar of Xom.
  1290 | D:2      | Reached skill level 5 in Conjurations
  1570 | D:3      | Reached XP level 4. HP: 27/27 MP: 7/7
  1991 | D:3      | Learned a level 2 spell: Searing Ray
  2202 | D:3      | Noticed Jessica
  2204 | D:3      | Killed Jessica
  2365 | D:3      | Reached XP level 5. HP: 16/31 MP: 0/9
  2659 | D:4      | Noticed an orc warrior
  2924 | D:5      | Entered Level 5 of the Dungeon
  3041 | D:5      | Reached skill level 1 in Short Blades
  3041 | D:5      | Reached XP level 6. HP: 37/37 MP: 3/10
  3243 | D:4      | Reached skill level 6 in Conjurations
  3299 | D:4      | Killed an orc warrior
  3614 | D:4      | Reached XP level 7. HP: 42/42 MP: 7/12
  3753 | D:4      | Reached skill level 1 in Fighting
  4548 | D:5      | Reached skill level 5 in Stealth
  4615 | D:5      | Reached skill level 7 in Conjurations
  4686 | D:5      | Reached skill level 1 in Shields
  4694 | D:5      | Reached XP level 8. HP: 17/48 MP: 2/14
  4694 | D:5      | Gained mutation: Your magical capacity is low. (-10% MP)
                  | [potion of mutation]
  4694 | D:5      | Lost mutation: Your magical capacity is low. (-10% MP)
                  | [potion of mutation]
  4694 | D:5      | Gained mutation: You are dopey. (Int -2) [potion of
                  | mutation]
  4935 | D:5      | Found a sacrificial altar of Ru.
  5093 | D:5      | Noticed Sigmund
  5096 | D:5      | Killed Sigmund
  5097 | D:5      | Reached skill level 1 in Evocations
  5186 | D:5      | Reached skill level 5 in Spellcasting
  5228 | D:5      | Identified a scroll of acquirement
  5228 | D:5      | Acquired Ypoitogy's Collected Works on Inconstant Angles
  5235 | D:5      | Learned a level 2 spell: Passwall
  5250 | D:5      | Learned a level 1 spell: Apportation
  5314 | D:5      | Noticed Edmund
  5326 | D:5      | Killed Edmund
  5569 | D:5      | Learned a level 3 spell: Dazzling Flash
  5573 | D:5      | Learned a level 3 spell: Hailstorm
  6129 | D:6      | Found a staircase to the Ecumenical Temple.
  6192 | Temple   | Entered the Ecumenical Temple
  6202 | Temple   | Became a worshipper of Sif Muna the Loreminder
  6253 | D:6      | Reached skill level 8 in Conjurations
  6325 | D:6      | Noticed a shadow
  6329 | D:6      | Found a transporter.
  6329 | D:6      | Noticed Jackthecabe's ghost (novice VSBr)
  6332 | D:6      | Noticed a vampire
  6405 | D:6      | Found a transporter.
  6635 | D:7      | Noticed Menkaure
  6642 | D:7      | Killed Menkaure
  6727 | D:7      | Reached XP level 9. HP: 54/54 MP: 10/17
  6823 | D:7      | HP: 2/54 [killer bee (4)]
  6824 | D:8      | Succumbed to a killer bee's poison

Illustrated notes

Levels and vault maps discovered:
D:1:      spicycebolla_arrival_transporter_tutorial, layout_basic,
          chequers_ecumenical_altar_simple
D:2:      layout_basic, basic_altar
D:3:      layout_loops_ring, uniq_jessica
D:4:      minmay_skewed_foursquare, layout_rooms, grunt_decor_resistance,
          serial_bayou_pond_d, minivault_27
D:5:      layout_cave_pools, nicolae_ru_awakened_eye, hex_tiny, roderic_batcave,
          minmay_statues_item, hangedman_abyss_or_decor_passed,
          minmay_misc_feat_nine_boxes, minmay_crystal_room, uniq_sigmund,
          uniq_edmund
D:6:      layout_rooms, minmay_temple_entry_antechambers, gammafunk_ghost_arena
D:7:      layout_cave_pools, minmay_holes, grunt_ministairs_12,
          kennysheep_generic_room_5, uniq_maggie, uniq_duvessa, uniq_menkaure
D:8:      layout_basic, minmay_lair_entry_grove, serial_bayou_pond_c,
          serial_bayou_pond_d, uniq_erica, uniq_psyche, uniq_pikel
Temple:   nicolae_temple_bog_church

Skill      XL: |  1  2  3  4  5  6  7  8 |
---------------+-------------------------+-----
Stealth        | 3 4 5 |  5.3
Conjurations   | 5 6 7 8 |  8.5
Spellcasting   | 3 4 5 |  5.6
Short Blades   | 1 2 |  2.3
Fighting       | 1 |  1.7
Shields        | 1 |  1.9
Evocations     | 2 |  2.6
Dodging        | 3 |  3.1
Transmutations | |  0.4
Ice Magic      | |  0.1

Action                     |  1- 3 |  4- 6 |  7- 9 || total
---------------------------+-------+-------+-------++-------
  Melee: Dagger            |    13 |       |       ||    13
         Tentacles         |     2 |     3 |       ||     5
         Constrict         |     1 |     1 |     1 ||     3
         Short sword       |       |    13 |     9 ||    22
         Flail             |       |       |     7 ||     7
   Cast: Magic Dart        |    55 |    66 |    56 ||   177
         Searing Ray       |       |     7 |    20 ||    27
         Hailstorm         |       |       |     5 ||     5
         Passwall          |       |       |     1 ||     1
  Evoke: Wand              |       |     4 |    14 ||    18
    Use: Scroll            |       |     5 |     5 ||    10
         Potion            |       |     2 |     3 ||     5
   Stab: Sleeping          |     3 |       |       ||     3
 Armour: Skin              |     1 |     1 |     5 ||     7
  Dodge: Dodged            |     8 |    16 |    57 ||    81
  Block: Other             |       |     5 |    19 ||    24

Table legend: (Time is in decaauts)
 A = Elapsed time spent in this place.
 B = Non-inter-level travel time spent in this place.
 C = Inter-level travel time spent in this place.
 D = Time resting spent in this place.
 E = Time spent auto-exploring this place.
 F = Levels seen in this place.
 G = Mean time per level.
                   A        B        C        D        E       F      G
               +--------+--------+--------+--------+--------+-----+--------+
         Total |   6824 |   6702 |    122 |   1818 |   3992 |   9 |  758.2 |
       Dungeon |   6802 |   6688 |    114 |   1818 |   3990 |   8 |  850.2 |
        Temple |     21 |     13 |      8 |      0 |      2 |   1 |   21.0 |
               +--------+--------+--------+--------+--------+-----+--------+

Top non-repeatable levels by time:
     D:5: 1796 daAuts
     D:4: 1484 daAuts
     D:3: 1198 daAuts
     D:2: 794 daAuts
     D:1: 772 daAuts
     D:6: 534 daAuts
     D:7: 222 daAuts
  Temple: 21 daAuts
